 Dungeon Crawl Stone Soup version 0.28.0-43-g3370ac3207 (webtiles) character file.

Game seed: 17153716767878978291

70 fknight the Chopper (level 4, 0/40 HPs)
             Began as a Hill Orc Monk on Mar 5, 2022.
             Slain by a phantom (5 damage)
             ... on level 2 of the Dungeon.
             The game lasted 00:04:19 (2146 turns).

fknight the Chopper (Hill Orc Monk)                 Turns: 2146, Time: 00:04:20

Health: 0/40       AC:  5    Str: 15    XL:     4   Next: 21%
Magic:  4/4        EV: 11    Int: 10    God:
Gold:   59         SH:  0    Dex: 13    Spells: 3/3 levels left

rFire   . . .      SeeInvis .   a - +0 hand axe
rCold   . . .      Faith    .   (no shield)
rNeg    . . .      Spirit   .   j - +0 ring mail
rPois   .          Reflect  .   (no helmet)
rElec   .          Harm     .   (no cloak)
rCorr   .          Rampage  .   (no gloves)
Will    .....                   (no boots)
Stlth   +.........              (no amulet)
HPRegen 0.13/turn               (no ring)
MPRegen 0.09/turn               (no ring)

@: no status effects
A: no striking features
a: no special abilities


You were on level 2 of the Dungeon.
You visited 1 branch of the dungeon, and saw 2 of its levels.

You collected 59 gold pieces.

Inventory:

Hand Weapons
 a - a +0 hand axe (weapon)
Missiles
 f - 54 stones (quivered)
Armour
 b - a +0 robe
 d - a +0 leather armour
 j - a +0 ring mail (worn)
Scrolls
 e - a scroll of immolation {unknown}
 h - a scroll of noise {unknown}
 i - a scroll of amnesia {unknown}
 m - a scroll of fear {unknown}
 o - a scroll of enchant weapon {unknown}
Potions
 c - 2 potions of flight {unknown}
 g - a potion of might {unknown}
 k - a potion of heal wounds {unknown}
 l - a potion of curing {unknown}
 n - a potion of invisibility {unknown}


   Skills:
 + Level 4.3 Fighting
 + Level 4.8 Axes
 + Level 2.9 Dodging
 + Level 2.2 Stealth


You had 3 spell levels left.
You didn't know any spells.
Your spell library was empty.

Dungeon Overview and Level Annotations

Branches:
Dungeon (2/15)

Altars:


Message History

The phantom closely misses you.
You hit the phantom but do no damage.
The phantom is severely damaged.
The phantom hits you!
The phantom blinks!
You blink.
You are too injured to fight recklessly!
You are too injured to fight recklessly!
You are too injured to fight recklessly!
You are too injured to fight recklessly!
You are too injured to fight recklessly!
You are too injured to fight recklessly!
You are too injured to fight recklessly!
You are too injured to fight recklessly!
You are too injured to fight recklessly!
You are too injured to fight recklessly!
You are too injured to fight recklessly!
You hit the phantom.
The phantom is severely damaged.
The phantom hits you.
* * * LOW HITPOINT WARNING * * *
You hit the phantom.
The phantom is almost destroyed.
The phantom closely misses you.
You closely miss the phantom.
The phantom is almost destroyed.
The phantom hits you but does no damage.
You hit the phantom but do no damage.
The phantom is almost destroyed.
The phantom closely misses you.
You hit the phantom but do no damage.
The phantom is almost destroyed.
The phantom hits you.
* * * LOW HITPOINT WARNING * * *
The phantom blinks!
You blink.
You barely miss the phantom.
The phantom is almost destroyed.
The phantom barely misses you.
You closely miss the phantom.
The phantom is almost destroyed.
The phantom hits you.
You die...

#.... #....#### #.W.. #........
#.... #........ #### #....
#........ #... #.... #....####
#... #..(. #(...# #...
###....##(...###############...
...........................#...
.........(.§..@W........>.....†
.....#####.########.######.#...
..?. #.......##.# #..... ...
#...≈≈†....# ##.... ..
###..≈≈...#### #####.... .
#.†...≈≈...... .........
#....≈≈.....#######.#...
#...≈≈......#.. #.#.##
#...........#.# #.#..#


You could see a phantom.

Vanquished Creatures
  Terence (D:2)
  2 worms (D:2)
  2 dart slugs
  3 endoplasms (D:1)
  3 giant cockroaches
  2 goblins
  2 hobgoblins
  4 jackals (D:1)
  6 ball pythons
  3 bats (D:1)
  2 frilled lizards
  6 kobolds
  2 rats (D:1)
38 creatures vanquished.

Vanquished Creatures (others)
  7 plants (D:2)
  11 withered plants (D:2)
18 creatures vanquished.

Grand Total: 56 creatures vanquished

Notes
Turn   | Place    | Note
-------+----------+-------------------------------------------
     0 | D:1      | fknight the Hill Orc Monk began the quest for the Orb.
     0 | D:1      | Reached XP level 1. HP: 19/19 MP: 1/1
   121 | D:1      | Reached XP level 2. HP: 15/27 MP: 2/2
   856 | D:1      | Reached XP level 3. HP: 27/33 MP: 3/3
  1509 | D:2      | Noticed Terence
  1523 | D:2      | Killed Terence
  1833 | D:2      | Reached XP level 4. HP: 40/40 MP: 4/4
  2114 | D:2      | Noticed a phantom
  2146 | D:2      | Slain by a phantom

Illustrated notes

Levels and vault maps discovered:
D:1:      minmay_arrival_open_corners, layout_basic, hex_tiny
D:2:      layout_basic, shapermc_ecumenical_altar_flowoftime,
          kennysheep_cross_room, dk_vineyard_3, uniq_terence, uniq_sigmund

Skill      XL: |  1  2 |
---------------+-------+-----
Stealth        | 2 |  2.2
Fighting       | 4 |  4.3
Axes           | |  4.8
Dodging        | |  2.9

Action                   |  1- 3 |  4- 6 || total
-------------------------+-------+-------++-------
Melee: Hand axe          |   104 |    47 ||   151
Throw: Stone             |     7 |    18 ||    25
 Stab: Sleeping          |     2 |     1 ||     3
Armor: Leather armour    |    24 |       ||    24
       Ring mail         |     5 |    10 ||    15
Dodge: Dodged            |    62 |    19 ||    81
